 Dungeon Crawl Stone Soup version 0.28.0-47-ge53b351184 (webtiles) character file.

Game seed: 17151028370948341653

1035 NinjaNoafa the Skirmisher (level 8, 0/59 (70) HPs)
             Began as a Hill Orc Monk on May 3, 2022.
             Was a Believer of Cheibriados.
             Slain by Maggie
             ... wielding a +1 glaive of draining
              (5 damage)
             ... on level 6 of the Dungeon.
             The game lasted 00:08:12 (6167 turns).

NinjaNoafa the Skirmisher (Hill Orc Monk)           Turns: 6167, Time: 00:08:13

HP:   0/59 (70)     AC: 15    Str: 21    XL:     8   Next: 24%
MP:   11/11         EV:  7    Int: 15    God:    Cheibriados [**....]
Gold: 153           SH:  0    Dex: 18    Spells: 7/7 levels left

rFire   . . .      SeeInvis .   b - +2 trident (freeze)
rCold   . . .      Faith    .   (no shield)
rNeg    . . .      Spirit   .   i - +0 plate armour
rPois   +          Reflect  .   l - +1 helmet
rElec   .          Harm     .   (no cloak)
rCorr   .          Rampage  .   (no gloves)
Will    .....                   f - +0 pair of boots
Stlth   ..........              (no amulet)
HPRegen 0.19/turn               o - ring of poison resistance
MPRegen 0.12/turn               (no ring)

@: heavily drained, very slow
A: no striking features
a: Renounce Religion, Bend Time


You were on level 6 of the Dungeon.
You worshipped Cheibriados.
Cheibriados was pleased with you.
You visited 2 branches of the dungeon, and saw 7 of its levels.

You collected 153 gold pieces.

Inventory:

Hand Weapons
 b - a +2 trident of freezing (weapon)
Missiles
 a - a boomerang (quivered)
 d - 166 stones
 e - 2 poisoned darts
Armour
 f - a +0 pair of boots (worn)
 i - a +0 plate armour (worn)
 l - a +1 helmet (worn)
Jewellery
 o - a ring of poison resistance (left hand)
Wands
 n - a wand of digging (4)
Scrolls
 g - 4 scrolls of magic mapping
 k - 2 scrolls of identify


   Skills:
 + Level 5.8 Fighting
 - Level 5.7(6.6) Axes
 * Level 4.1(5.2) Polearms
 + Level 5.2 Armour
 - Level 2.9 Dodging
 - Level 1.5 Stealth
 + Level 5.1 Invocations


You had 7 spell levels left.
You didn't know any spells.
Your spell library contained the following spells:

 Spells                   Type           Power      Damage    Failure   Level
 Sting                    Tmut/Pois      0%         1d3       99%         1
 Poisonous Vapours        Pois/Air       0%         N/A       100%        2
 Olgreb's Toxic Radiance  Pois           0%         N/A       100%        4


Dungeon Overview and Level Annotations

Branches:
Dungeon (6/15)             Temple (1/1) D:4

Altars:
Ashenzari
Cheibriados
Dithmenos
Elyvilon
Fedhas
Gozag
Hepliaklqana
Kikubaaqudgha
Makhleb
Nemelex Xobeh
Okawaru
Qazlal
Sif Muna
Trog
Uskayaw
Vehumet
Wu Jian
Xom
Yredelemnul
Zin
The Shining One

Annotations:
D:2 1 runed translucent door, Crazy Yiuf
D:6 Maggie


Message History

Maggie hits you with a +1 glaive of draining.
You feel drained.
You hit the hornet zombie.
The hornet zombie is heavily damaged.
The hornet zombie hits you but does no damage.
The scorpion stings you but does no damage.
Maggie barely misses you.
The hornet zombie hits you but does no damage.
The scorpion stings you but does no damage.
You closely miss the hornet zombie.
The hornet zombie is heavily damaged.
The hornet zombie hits you but does no damage.
Maggie gestures wildly while chanting.
Maggie draws you further into her thrall.
The scorpion closely misses you.
Your magical effects are unravelling.
You feel magically purged.
You break out of your daze.
The hornet zombie hits you but does no damage.
Maggie casts a spell.
Maggie attempts to bespell you! You resist. The scorpion stings you.
The hornet zombie hits you. The scorpion stings you.
* * * LOW HITPOINT WARNING * * *
You are lethally poisoned!
The scorpion poisons you!
Maggie hits you from afar with a +1 glaive of draining!
* * * LOW HITPOINT WARNING * * *
You feel drained.
The hornet zombie hits you but does no damage.
The scorpion stings you.
* * * LOW HITPOINT WARNING * * *
Maggie smiles, but it's obviously fake.
Maggie barely misses you.
You feel better.
The hornet zombie hits you but does no damage.
The scorpion stings you but does no damage.
The hornet zombie hits you.
* * * LOW HITPOINT WARNING * * *
Maggie hits you from afar with a +1 glaive of draining.
You die...

############
##..........##
##............##
#..............#
#..............#
#......<@Z@....#
#.......s......#
#..............#
##............##
###
##........<.##
..##
####.#######
...## .. ....#
#?# ....# ..


You could see Maggie, a scorpion and a hornet zombie.

Vanquished Creatures
  A water moccasin (D:4)
  An orc warrior (D:5)
  An ice beast (D:4)
  A sky beast (D:5)
  An ogre (D:4)
  A necrophage (D:5)
  2 phantoms (D:5)
  A water moccasin skeleton (D:5)
  A hound (D:4)
  A centaur skeleton (D:5)
  An orc priest (D:5)
  An orc wizard (D:5)
  A hound skeleton (D:5)
  A howler monkey skeleton (D:6)
  A howler monkey zombie (D:6)
  8 adders
  A worm (D:3)
  3 dart slugs
  9 orcs
  4 ball pythons
  8 endoplasms
  3 giant cockroaches
  3 goblins
  6 hobgoblins
  4 kobolds
  4 quokkas
  10 bats
  3 frilled lizards
  A rat (D:2)
83 creatures vanquished.

Notes
Turn   | Place    | Note
-------+----------+-------------------------------------------
     0 | D:1      | NinjaNoafa the Hill Orc Monk began the quest for the Orb.
     0 | D:1      | Reached XP level 1. HP: 19/19 MP: 1/1
    46 | D:1      | Found a faded altar of an unknown god.
   392 | D:1      | Reached XP level 2. HP: 23/27 MP: 2/2
  1032 | D:2      | Reached XP level 3. HP: 15/33 MP: 3/3
  2225 | D:2      | Found a runed translucent door.
  2226 | D:2      | Noticed Crazy Yiuf
  2647 | D:3      | Reached XP level 4. HP: 32/41 MP: 4/4
  2817 | D:3      | Reached skill level 1 in Armour
  3419 | D:4      | Reached skill level 5 in Axes
  3526 | D:4      | Noticed an ice beast
  3560 | D:4      | Killed an ice beast
  3561 | D:4      | Reached skill level 5 in Fighting
  3561 | D:4      | Reached XP level 5. HP: 30/48 MP: 5/5
  3624 | D:4      | Noticed an ogre
  3629 | D:4      | Killed an ogre
  3630 | D:4      | Reached XP level 6. HP: 36/56 MP: 6/6
  3823 | D:4      | Found a staircase to the Ecumenical Temple.
  3841 | Temple   | Entered the Ecumenical Temple
  4017 | Temple   | Became a worshipper of Cheibriados the Contemplative
  4017 | Temple   | Reached * piety under Cheibriados
  4017 | Temple   | Reached ** piety under Cheibriados
  4222 | D:4      | Reached skill level 1 in Invocations
  4239 | D:4      | Noticed a water moccasin
  4260 | D:4      | Killed a water moccasin
  4261 | D:4      | Reached skill level 1 in Polearms
  4363 | D:5      | Entered Level 5 of the Dungeon
  4363 | D:5      | Noticed an orc warrior
  4414 | D:5      | Killed an orc warrior
  4415 | D:5      | Reached XP level 7. HP: 12/61 MP: 4/9
  5355 | D:5      | Reached skill level 5 in Armour
  5355 | D:5      | Reached XP level 8. HP: 67/69 MP: 11/11
  5459 | D:5      | Reached skill level 5 in Invocations
  6154 | D:6      | Noticed Maggie
  6167 | D:6      | Slain by Maggie

Illustrated notes

Levels and vault maps discovered:
D:1:      minmay_arrival_up_and_down, layout_basic,
          shapermc_ecumenical_altar_mp_highgroup
D:2:      layout_loops_corners, eino_tiny_chamber, uniq_crazy_yiuf_cottage
D:3:      layout_loops_ring
D:4:      layout_rooms, minmay_temple_entry_antechambers
D:5:      layout_basic, chequers_serial_rivers_room_a
D:6:      layout_rooms, nicolae_ru_awakened_eye, minmay_misc_feat_encased,
          chequers_serial_rivers_micro_b, amcnicky_mini_pool_medium,
          uniq_eustachio, uniq_maggie
Temple:   compressed_dpeg_triangle_lava_temple

Skill      XL: |  1  2  3  4  5  6  7  8 |
---------------+-------------------------+-----
Fighting       | 4 5 |  5.8
Armour         | 2 3 4 5 |  5.2
Axes           | 5 |  5.7
Invocations    | 3 4 5 |  5.1
Polearms       | 2 3 4 |  4.1
Dodging        | |  2.9
Stealth        | |  1.5

Action                   |  1- 3 |  4- 6 |  7- 9 || total
-------------------------+-------+-------+-------++-------
Melee: Hand axe          |   109 |   105 |       ||   214
       Punch             |     2 |     4 |     4 ||    10
       Trident           |       |    31 |   105 ||   136
Throw: Dart              |     2 |     9 |       ||    11
       Stone             |       |     5 |       ||     5
       Boomerang         |       |       |     3 ||     3
Invok: Bend Time         |       |     1 |       ||     1
Evoke: Wand              |       |     3 |       ||     3
  Use: Potion            |       |     3 |     3 ||     6
       Scroll            |       |    10 |     3 ||    13
 Stab: Sleeping          |     3 |       |       ||     3
Armor: Robe              |    24 |       |       ||    24
       Scale mail        |    17 |    60 |       ||    77
       Skin              |       |    19 |       ||    19
       Plate armour      |       |       |    77 ||    77
Dodge: Dodged            |    83 |    98 |    54 ||   235
